 Dungeon Crawl Stone Soup version 0.19.0-2-gae57169 (webtiles) character file.

868 deepsabbath the Cutter (level 7, -3/61 HPs)
             Began as a Deep Elf Fire Elementalist on Nov 2, 2016.
             Was a Believer of Trog.
             Killed by nerve-wracking pain
             ... invoked by an orc priest
              (6 damage)
             ... on level 3 of the Dungeon.
             The game lasted 00:29:34 (9854 turns).

deepsabbath the Cutter (Deep Elf Fire Elementalist) Turns: 9854, Time: 00:29:34

Health: -3/61      AC:  8    Str: 17    XL:     7   Next: 73%
Magic:  13/13      EV: 12    Int: 20    God:    Trog [**....]
Gold:   243        SH:  0    Dex: 15    Spells: 0 memorised, 12 levels left

rFire  . . .     SeeInvis .     a - +0 rapier
rCold  . . .     Gourm    .     n - +0 ring mail
rNeg   . . .     Faith    .     (no shield)
rPois  .         Spirit   .     y - +0 helmet
rElec  .         Reflect  .     (no cloak)
rCorr  .         Harm     .     f - +1 pair of gloves
MR     .....                    (no boots)
Stlth  ..........               (no amulet)
                                (no ring)
                                k - +5 ring of strength

@: berserking, starving, very quick
A: no striking features
a: Berserk, Trog's Hand, Burn Spellbooks, Renounce Religion


You were on level 3 of the Dungeon.
You worshipped Trog.
Trog was pleased with you.
You were starving.

You visited 1 branch of the dungeon, and saw 5 of its levels.

You collected 243 gold pieces.

Inventory:

Hand Weapons
 a - a +0 rapier (weapon)
   (You found it on level 3 of the Dungeon)
 b - a +0 blowgun
   (You took it off a kobold on level 3 of the Dungeon)
 v - a +0 dagger
   (You found it on level 2 of the Dungeon)
 z - a +2 shortbow of velocity
   (You took it off a centaur on level 4 of the Dungeon)
Missiles
 d - 6 javelins
 g - 181 stones (quivered)
 r - 24 poisoned needles
 s - 3 tomahawks
 u - 3 steel tomahawks
 A - 12 arrows
Armour
 e - a +0 leather armour
   (You found it on level 1 of the Dungeon)
 f - a +1 pair of gloves (worn)
   (You found it on level 1 of the Dungeon)
 n - a +0 ring mail (worn)
   (You found it on level 2 of the Dungeon)
 y - a +0 helmet (worn)
   (You took it off Robin on level 3 of the Dungeon)
Jewellery
 k - a +5 ring of strength (left hand)
   (You found it on level 1 of the Dungeon)
 p - a cursed ring of teleportation {unknown}
   (You took it off a goblin on level 2 of the Dungeon)
 q - a +2 ring of evasion {unknown}
   (You found it on level 1 of the Dungeon)
 D - an uncursed ring of see invisible {unknown}
   (You found it on level 5 of the Dungeon)
Wands
 m - a wand of paralysis (5/24)
   (You found it on level 2 of the Dungeon)
 t - a wand of disintegration (3/24)
   (You found it on level 3 of the Dungeon)
 B - a wand of enslavement (12/24)
   (You found it on level 3 of the Dungeon)
 C - a wand of slowing (16/48)
   (You found it on level 5 of the Dungeon)
Scrolls
 i - a scroll of magic mapping {!r}
 o - 2 scrolls of teleportation
Potions
 j - a potion of cure mutation {!q}
 l - a potion of degeneration {unknown}
 x - a potion of lignification {!q}
 E - a potion of haste {unknown}
Books
 h - a book of Flames
Comestibles
 c - 2 bread rations {@e1}
 w - a meat ration {@e2}


   Skills:
 + Level 3.1 Fighting
 * Level 5.9 Short Blades
 + Level 3.4 Throwing
 - Level 2.4 Dodging
 - Level 2.4 Stealth
 - Level 3.0 Spellcasting
   Level 1.1 Conjurations
   Level 3.2 Fire Magic
 + Level 2.9 Evocations


You had 12 spell levels left.
You didn't know any spells.

Dungeon Overview and Level Annotations

Branches:
Dungeon (5/15)
 Temple: D:4-7

Altars:
Cheibriados
Makhleb
Trog

Annotations:
D:4 exclusion: phantom, Sigmund
D:5 exclusion: jelly


Message History

You take 6 damage, and have 23/41 hp.
You closely miss the phantom. The phantom misses you.
You hit the phantom.
The phantom blinks!
Aim: a phantom (heavily damaged)
You throw a stone. The stone misses the phantom.
Aim: a phantom (heavily damaged)
You throw a stone.
The stone hits the phantom but does no damage.
Aim: a phantom (heavily damaged)
You throw a stone.
The stone hits the phantom but does no damage.
Aim: a phantom (heavily damaged)
You throw a stone.
The stone hits the phantom but does no damage.
Aim: a phantom (heavily damaged)
You throw a stone.
The stone completely misses the phantom.
Aim: a phantom (heavily damaged)
You throw a stone. The stone hits the phantom.
Your ring mail prevents you from hitting the phantom.
The phantom hits you but does no damage.
You hit the phantom. The phantom hits you.
The phantom blinks!
You take 5 damage, and have 19/41 hp.
The phantom blinks!
Aim: a phantom (heavily damaged)
You throw a stone. The stone closely misses the phantom.
Aim: a phantom (heavily damaged)
You throw a stone. The stone barely misses the phantom.
Aim: a phantom (heavily damaged)
You throw a stone. The stone hits the phantom.
Aim: a phantom (heavily damaged)
You throw a stone. The stone hits the phantom.
Aim: a phantom (severely damaged, chance to defeat MR: 56%)
The phantom resists with significant effort.
This wand has 4 charges left.
Aim: a phantom (heavily damaged, chance to defeat MR: 56%)
The phantom is blasted.
You blow up the phantom!
Trog accepts your kill.
This wand has 3 charges left.
You start resting.
You regained 14 hp, and now have 34/41 hp.
There is a stone staircase leading up, spattered with blood here.
You climb upwards.
There is a stone staircase leading down here.
The orc shouts!
The orc is too close now for your liking.
The orc hits you but does no damage.
You hit the orc. The orc hits you.
You take 1 damage, and have 34/41 hp.
You hit the orc.
You are starving!
The orc barely misses you.
You are too hungry to fight recklessly!
You closely miss the orc. You barely miss the orc.
The orc hits you but does no damage.
You hit the orc but do no damage. The orc closely misses you.
You hit the orc.
You kill the orc!
Trog accepts your kill.
Things that are here:
a leather armour; an orc corpse You butcher the orc corpse.
Eat a chunk of flesh? (ye/n/q)
You start eating the chunk of flesh.
The orc shouts!
You are feeling very hungry.
The orc priest shouts!
You start resting.
You hit the orc. The orc barely misses you.
You puncture the orc!
You kill the orc!
Trog accepts your kill.
You closely miss the orc priest. The orc priest closely misses you.
You hit the orc priest. The orc priest completely misses you.
You hit the orc priest.
The orc priest invokes the aid of Beogh against you.
Beogh smites you!
You take 10 damage, and have 27/41 hp.
MASSIVE DAMAGE!!
You puncture the orc priest!
The orc priest mumbles some strange prayers to Beogh against you.
Beogh smites you!
You take 10 damage, and have 17/41 hp.
MASSIVE DAMAGE!!
You barely miss the orc priest. You barely miss the orc priest.
The orc priest hits you but does no damage.
You hit the orc priest but do no damage.
The orc priest invokes the aid of Beogh against you.
Beogh smites you!
* * * LOW HITPOINT WARNING * * *
You take 15 damage, and have 2/41 hp.
MASSIVE DAMAGE!!
A red film seems to cover your vision as you go berserk!
You feel yourself moving faster!
You feel mighty!
You are starving!
The orc priest calls down the wrath of Beogh upon you.
Pain shoots through your body!
You die...

###....###..# ######
#...####...## ##....#
#.### #.### #..>..#
##.######.# #####.....#
..........# #.........#
..........######...#######
..........o.[......#
...........#####o..#
...........# #@..#
##..###..#.#####...#
#.####.##..).##...# ##.#
#..#####.###### ...###)##
#.## ....##.# #..###
###.##.# ##.).## #....##
###..# ##.#..## ##.##


You could see an orc priest.

Vanquished Creatures
  The ghost of Tynka the Covert, an amateur KoAs (D:3)
  A sky beast (D:4)
  A phantom (D:4)
  A centaur (D:4)
  A howler monkey (D:3)
  2 orc priests
  A gnoll shaman (D:3)
  2 orc wizards
  A worker ant (D:4)
  A hound skeleton (D:4)
  Robin (D:3)
  7 gnolls
  3 adders
  3 shadow imps
  An ooze (D:2)
  3 worms
  3 dart slugs (D:1)
  3 leopard geckos
  15 orcs
  8 giant cockroaches
  16 goblins
  11 hobgoblins
  7 jackals
  3 quokkas
  8 bats
  3 frilled lizards
  A jackal zombie (D:5)
  7 kobolds
  4 rats
119 creatures vanquished.

Notes
Turn   | Place    | Note
-------+----------+-------------------------------------------
     0 | D:1      | deepsabbath the Deep Elf Fire Elementalist began the quest for the Orb.
     0 | D:1      | Reached XP level 1. HP: 10/10 MP: 6/6
   453 | D:2      | Found a bloodstained altar of Trog.
   465 | D:2      | Became a worshipper of Trog the Wrathful
   488 | D:2      | Found a burning altar of Makhleb.
   598 | D:2      | Found a burning altar of Makhleb.
   902 | D:2      | Found a faded altar of an unknown god.
  1174 | D:3      | Reached skill level 1 in Short Blades
  1352 | D:3      | Noticed Tynka's ghost (amateur KoAs)
  1401 | D:2      | HP: 2/11 [jackal (2)]
  1402 | D:2      | Reached XP level 2. HP: 3/16 MP: 8/8
  2723 | D:1      | Reached skill level 1 in Fighting
  2877 | D:1      | Reached skill level 1 in Evocations
  3073 | D:1      | Reached XP level 3. HP: 20/20 MP: 9/9
  3534 | D:2      | Reached skill level 2 in Short Blades
  5467 | D:3      | Reached XP level 4. HP: 24/25 MP: 10/10
  5581 | D:2      | Reached * piety under Trog
  5773 | D:3      | Killed Tynka's ghost
  5773 | D:3      | Reached skill level 2 in Fighting
  5773 | D:3      | Reached skill level 3 in Short Blades
  5773 | D:3      | Reached skill level 1 in Throwing
  5773 | D:3      | Reached XP level 5. HP: 26/30 MP: 11/11
  6222 | D:3      | Reached skill level 4 in Short Blades
  6408 | D:4      | Reached skill level 2 in Throwing
  6460 | D:4      | Noticed a sky beast
  6517 | D:4      | HP: 4/30 [something (5)]
  6780 | D:4      | Noticed Sigmund
  6983 | D:3      | Reached XP level 6. HP: 21/35 MP: 12/12
  7288 | D:4      | Noticed Robin
  7460 | D:3      | Killed Robin
  7965 | D:4      | HP: 13/54 [centaur (8)]
  7967 | D:4      | Reached skill level 5 in Short Blades
  7967 | D:4      | Reached skill level 2 in Evocations
  7969 | D:4      | HP: 4/54 [orc/short sword (4)]
  8243 | D:4      | Reached XP level 7. HP: 37/40 MP: 13/13
  8292 | D:4      | Reached skill level 3 in Throwing
  8517 | D:4      | Found a snail-covered altar of Cheibriados.
  9264 | D:3      | Reached skill level 3 in Fighting
  9435 | D:5      | Entered Level 5 of the Dungeon
  9543 | D:5      | Found a snail-covered altar of Cheibriados.
  9633 | D:5      | Reached ** piety under Trog
  9853 | D:3      | HP: 2/41 [orc priest/divine providence (15)]
  9854 | D:3      | Killed from afar by an orc priest

Skill      XL: |  1  2  3  4  5  6  7 |
---------------+----------------------+-----
Short Blades   | 1 2 3 4 5 |  5.9
Fighting       | 1 2 3 |  3.1
Evocations     | 1 2 |  2.9
Throwing       | 1 2 3 |  3.4
Dodging        | |  2.4
Stealth        | |  2.4
Spellcasting   | |  3.0
Conjurations   | |  1.1
Fire Magic     | |  3.2

Action                   |  1- 3 |  4- 6 |  7- 9 || total
-------------------------+-------+-------+-------++-------
Melee: Dagger            |   405 |    32 |       ||   437
       Unarmed           |    30 |       |       ||    30
       Rapier            |       |   145 |   167 ||   312
 Fire: Blowgun           |       |    28 |     8 ||    36
Throw: Stone             |    27 |     6 |    35 ||    68
Invok: Berserk           |       |     5 |     2 ||     7
Evoke: Wand              |     2 |     5 |     2 ||     9
  Use: Scroll            |     9 |     2 |     1 ||    12
       Potion            |     4 |       |       ||     4
 Stab: Paralysed         |     2 |     3 |       ||     5
       Sleeping          |     1 |     2 |       ||     3
       Distracted        |     1 |       |       ||     1
  Eat: Chunk             |     9 |    12 |     1 ||    22
       Bread ration      |     1 |     1 |       ||     2
       Beef jerky        |     1 |       |     1 ||     2
Armor: Leather armour    |    49 |       |       ||    49
       Robe              |     5 |       |       ||     5
       Ring mail         |    81 |    80 |    67 ||   228
       Skin              |    16 |       |       ||    16
Dodge: Dodged            |   215 |    96 |    91 ||   402

Vault maps used:
D:1:      onia_arrival_pentagram, dk_noncrumbling_2, minmay_misc_feat_tiny
D:2:      lemuel_crystal_altar, bloody_trog, ecumenical_altar_2, serial_forest,
          infiniplex_forest_lined_3, infiniplex_forest_clump_cross,
          infiniplex_forest_straight_2, infiniplex_forest_clump_curved,
          infiniplex_forest_split, infiniplex_forest_side_room,
          infiniplex_forest_clump_C, infiniplex_forest_lined_corner,
          infiniplex_forest_end_2, infiniplex_forest_lined_3, first_bread,
          bloody_makhleb
D:4:      kennysheep_mini_moat, uniq_robin, uniq_menkaure, uniq_sigmund
D:5:      cheibrodos_thug_alley, cheibriados_altar_1

Table legend:
 A = Turns spent in this place as a percentage of turns spent in the entire game.
 B = Non-inter-level travel turns spent in this place as a percentage of non-inter-level travel turns spent in the entire game.
 C = Inter-level travel turns spent in this place as a percentage of turns spent in this place.
 D = Turns resting spent in this place as a percentage of non-inter-level travel turns spent in this place.
 E = Turns spent auto-exploring this place as a percentage of non-inter-level travel turns spent in this place.
 F = Non-inter-level travel turns spent in this place divided by the number of levels of this place that you've seen.
                   A       B       C       D       E      F
               +-------+-------+-------+-------+-------+----------------------
         Total | 100.0 | 100.0 |   0.7 |   4.4 |   3.1 | 679.2
       Dungeon | 100.0 | 100.0 |   0.7 |   4.4 |   3.1 | 679.2
               +-------+-------+-------+-------+-------+----------------------

Table legend:
 A = Kills in this place as a percentage of kills in entire the game.
 B = Kills by you in this place as a percentage of kills by you in the entire game.
 C = Kills by friends in this place as a percentage of kills by friends in the entire game.
 D = Other kills in this place as a percentage of other kills in the entire game.
 E = Experience gained in this place as a percentage of experience gained in the entire game.
 F = Experience gained in this place divided by the number of levels of this place that you have seen.
                   A       B       C       D       E      F
               +-------+-------+-------+-------+-------+----------------------
         Total | 100.0 | 100.0 |  -nan |  -nan | 100.0 | 248.2
       Dungeon | 100.0 | 100.0 |  -nan |  -nan | 100.0 | 248.2
               +-------+-------+-------+-------+-------+----------------------
